 Dungeon Crawl Stone Soup version 0.26.0-18-gc5c842f807 (webtiles) character file.

Game seed: 17207091069940321806

175 Marvel the Grave Robber (level 5, -1/35 HPs)
             Began as a Mummy Necromancer on Jan 23, 2021.
             Slain by a bullfrog skeleton (7 damage)
             ... on level 4 of the Dungeon.
             The game lasted 00:13:16 (5129 turns).

Marvel the Grave Robber (Mummy Necromancer)         Turns: 5129, Time: 00:13:16

Health: -1/35      AC:  3    Str: 11    XL:     5   Next: 29%
Magic:  12/12      EV: 12    Int: 16    God:
Gold:   167        SH:  0    Dex: 12    Spells: 4/13 levels left

rFire    x . .     SeeInvis .   k - +0 dagger
rCold    + . .     Faith    .   (no shield)
rNeg     + + +     Spirit   .   a - +0 robe
rPois    ∞         Reflect  .   (no helmet)
rElec    .         Harm     .   i - scarf {shadows}
rCorr    .         Rampage  .   h - +0 pair of gloves
Will     .....                  (no boots)
Stlth    ++........             (no amulet)
HPRegen  0.11/turn              (no ring)
MPRegen  0.13/turn              (no ring)

@: no status effects
A: no potions, fire vulnerability, cold resistance 1, negative energy resistance
3, torment resistance, unbreathing
a: no special abilities


You were on level 4 of the Dungeon.
You visited 1 branch of the dungeon, and saw 4 of its levels.

You collected 167 gold pieces.

Inventory:

Hand Weapons
 k - a +0 dagger (weapon)
Missiles
 j - 26 poisoned darts (quivered)
 o - 3 curare-tipped darts
Armour
 a - a +0 robe (worn)
 h - a +0 pair of gloves (worn)
 i - a scarf of shadows (worn)
 m - a +1 helmet
Jewellery
 r - an uncursed ring of fire {unknown}
Wands
 p - a wand of digging (4)
 q - a wand of paralysis (12)
Scrolls
 b - 2 scrolls of identify
 c - 2 scrolls of blinking {unknown}
 d - 3 scrolls of immolation {unknown}
 e - 5 scrolls of enchant armour {unknown}
 f - 2 scrolls of fog {unknown}
 g - 2 scrolls of teleportation
 l - a scroll of remove curse {unknown}
 n - a scroll of magic mapping {unknown}


   Skills:
 * Level 0.4 Throwing
 + Level 1.7 Dodging
 + Level 2.0 Stealth
 + Level 0.1 Unarmed Combat
 + Level 4.7 Spellcasting
 + Level 5.3 Necromancy


You had 4 spell levels left.
You knew the following spells:

 Your Spells              Type           Power        Failure   Level
a - Pain                  Necr           40%          1%          1
b - Animate Skeleton      Necr           20%          1%          1
c - Animate Dead          Necr           5%           17%         4
d - Vampiric Draining     Necr           5%           5%          3

Your spell library contained the following spells:

 Spells                   Type           Power        Failure   Level
 Agony                    Necr           10%          43%         5


Dungeon Overview and Level Annotations

Branches:
Dungeon (4/15)
 Temple: D:4-7

Altars:

Annotations:
D:4 1 runed translucent door, 1 exclusion, Crazy Yiuf


Innate Abilities, Weirdness & Mutations

You do not drink.
Your flesh is vulnerable to fire.
You are immune to poison.
Your flesh is cold resistant. (rC+)
You are immune to negative energy. (rN+++)
You are immune to unholy pain and torment.
You can survive without breathing.


Message History

You hit the bullfrog skeleton.
The bullfrog skeleton is severely damaged.
The bullfrog skeleton closely misses you.
The bullfrog skeleton hits you.
You hit the bullfrog skeleton but do no damage.
The bullfrog skeleton is severely damaged.
The bullfrog skeleton misses you.
You hit the bullfrog skeleton.
The bullfrog skeleton is severely damaged.
The bullfrog skeleton barely misses you.
You completely miss the bullfrog skeleton.
The bullfrog skeleton is severely damaged.
The bullfrog skeleton hits you but does no damage. x2
You hit the bullfrog skeleton but do no damage.
The bullfrog skeleton is severely damaged.
The bullfrog skeleton hits you.
* * * LOW HITPOINT WARNING * * *
The bullfrog skeleton barely misses you.
The bullfrog skeleton hits you!
You die...

##### ##.#.##
#. ###
###.###.## #
#.. #.# ##..##
##.## # [..#
#.###.###
##.### # ....#
##.Z@.##
#...### #....#
###.###..#
##.....
#....###..##
#..## ##....
#....#..##
##..###
###...##
###....?.#
##...####.....#
#......#
#............#
#......#
#............#
#..#....#
##..........##
#..##.?..#
#..........#


You could see a bullfrog skeleton.

Vanquished Creatures
  2 orc priests (D:3)
  5 adders
  2 dart slugs
  A leopard gecko (D:1)
  3 orcs
  8 bats
  5 giant cockroaches
  10 goblins
  7 hobgoblins
  2 jackals (D:1)
  6 kobolds
  4 frilled lizards
  10 rats
65 creatures vanquished.

Vanquished Creatures (others)
  7 plants (D:4)
7 creatures vanquished.

Grand Total: 72 creatures vanquished

Notes
Turn   | Place    | Note
-------+----------+-------------------------------------------
     0 | D:1      | Marvel the Mummy Necromancer began the quest for the Orb.
     0 | D:1      | Reached XP level 1. HP: 13/13 MP: 4/4
   402 | D:1      | Reached XP level 2. HP: 17/19 MP: 1/5
   404 | D:1      | Learned a level 1 spell: Animate Skeleton
  1402 | D:2      | Reached XP level 3. HP: 24/24 MP: 2/8
  2619 | D:2      | Reached XP level 4. HP: 30/30 MP: 10/10
  2656 | D:3      | Learned a level 4 spell: Animate Dead
  4261 | D:3      | Reached skill level 5 in Necromancy
  4627 | D:3      | Reached XP level 5. HP: 35/35 MP: 9/12
  4868 | D:4      | Found a runed translucent door.
  4869 | D:4      | Noticed Crazy Yiuf
  5101 | D:4      | Learned a level 3 spell: Vampiric Draining
  5129 | D:4      | Slain by a bullfrog skeleton

Illustrated notes

Levels and vault maps discovered:
D:1:      heliophobic_arrival_glass_houses, layout_loops_corners, minivault_11
D:2:      layout_basic
D:3:      layout_basic
D:4:      wad_lake_hut, layout_layer_cave, nzn_hepliaklqana_mist_gate,
          minmay_temple_entry_sparse_star, uniq_grinder, uniq_pikel,
          uniq_crazy_yiuf_cottage

Skill      XL: |  1  2  3  4  5 |
---------------+----------------+-----
Spellcasting   | 3 4 |  4.7
Necromancy     | 5 |  5.3
Stealth        | 2 |  2.0
Throwing       | |  0.4
Dodging        | |  1.7
Unarmed Combat | |  0.1

Action                   |  1- 3 |  4- 6 || total
-------------------------+-------+-------++-------
Melee: Unarmed           |    17 |       ||    17
       Dagger            |     1 |    20 ||    21
Throw: Dart              |       |    22 ||    22
 Cast: Pain              |    93 |    72 ||   165
       Animate Skeleton  |     4 |     4 ||     8
  Use: Scroll            |       |     2 ||     2
 Stab: Sleeping          |     4 |     2 ||     6
Armor: Robe              |    10 |    20 ||    30
Dodge: Dodged            |    31 |    56 ||    87
